 Dungeon Crawl Stone Soup version 0.19.1 (webtiles) character file.

63 Ice the Bolt Thrower (level 4, 0/44 HPs)
             Began as an Ogre Hunter on Nov 29, 2016.
             Slain by a gnoll
             ... wielding a +4 halberd of chopping
              (2 damage)
             ... on level 2 of the Dungeon.
             The game lasted 00:10:27 (1539 turns).

Ice the Bolt Thrower (Ogre Hunter)                  Turns: 1539, Time: 00:10:27

Health: 0/44       AC:  3    Str: 17    XL:     4   Next: 10%
Magic:  4/4        EV: 10    Int: 10    God:
Gold:   141        SH:  0    Dex: 11    Spells: 0 memorised, 3 levels left

rFire  . . .     SeeInvis .     m - +0 hand axe
rCold  . . .     Gourm    .     c - +0 robe
rNeg   . . .     Faith    .     (no shield)
rPois  .         Spirit   .     (helmet restricted)
rElec  .         Reflect  .     (no cloak)
rCorr  .         Harm     .     (gloves unavailable)
MR     .....                    (boots unavailable)
Stlth  +.........               (no amulet)
                                (no ring)
                                (no ring)

@: no status effects
A: unfitting armour, tough skin 1
a: no special abilities


You were on level 2 of the Dungeon.
You were not hungry.

You visited 1 branch of the dungeon, and saw 2 of its levels.

You collected 141 gold pieces.

Inventory:

Hand Weapons
 a - a +1 hand crossbow
 b - a +0 short sword
 m - a +0 hand axe (weapon)
Missiles
 d - 45 bolts
 e - 28 arrows
 i - 13 sling bullets
 n - 52 stones (quivered)
Armour
 c - a +0 robe (worn)
Jewellery
 r - a cursed -3 ring of dexterity {unknown}
 s - an uncursed amulet of rage {unknown}
Scrolls
 k - a scroll of immolation {unknown}
 l - a scroll of remove curse
 q - a scroll of enchant armour {unknown}
 u - a scroll of identify {unknown}
Potions
 p - a potion of lignification {unknown}
 t - 2 potions of mutation {unknown}
Comestibles
 f - a bread ration
 g - 9 fruits
 h - 2 royal jellies
 j - 6 chunks of flesh
 o - 2 meat rations


   Skills:
 - Level 2.6 Fighting
 + Level 4.1 Crossbows
 - Level 1.7 Dodging
 - Level 0.6 Stealth


You had 3 spell levels left.
You didn't know any spells.

Dungeon Overview and Level Annotations

Branches:
Dungeon (2/15)

Altars:
Hepliaklqana

Annotations:
D:2 Terence


Innate Abilities, Weirdness & Mutations

You are too large for most types of armour.
You have tough skin. (AC +1)


Message History

The gnoll hits you with a flail!
You closely miss the gnoll.
The gnoll is heavily wounded.
The gnoll hits you but does no damage.
You hit the gnoll.
The gnoll is almost dead.
The gnoll closely misses you.
You hit the gnoll but do no damage.
The gnoll is almost dead.
The gnoll completely misses you.
You completely miss the gnoll.
The gnoll is almost dead.
The gnoll closely misses you.
You hit the gnoll.
You kill the gnoll!
You have reached level 4!
You barely miss the worm.
The gnoll hits you from afar with a halberd of chopping!
* * * LOW HITPOINT WARNING * * *
You die...

### #### ..######## ..(
#.##.#... ..# #.#....# ...
#......# #.# #.#....# #.#
.......# #.# # ..##.###
#@###### .#. ####.# #w##...
... ##'## #g##.# ##.###
##...## #g...##.....#
##.....## ###.#..#.......
#.......## ##.#.#.w#.......
.........####....##.g.g._.(.
.........'......(...#.......
.........####...#...#.......


You could see a worm and 2 gnolls.

Vanquished Creatures
  A gnoll (D:2)
  An adder (D:2)
  An ooze (D:2)
  A worm (D:2)
  A dart slug (D:1)
  A leopard gecko (D:2)
  3 bats
  3 giant cockroaches
  2 goblins
  3 hobgoblins
  2 jackals (D:1)
  3 quokkas (D:2)
  A ball python (D:1)
  A frilled lizard (D:2)
  2 kobolds (D:2)
  9 rats
35 creatures vanquished.

Notes
Turn   | Place    | Note
-------+----------+-------------------------------------------
     0 | D:1      | Ice the Ogre Hunter began the quest for the Orb.
     0 | D:1      | Reached XP level 1. HP: 22/22 MP: 1/1
    28 | D:1      | Reached skill level 3 in Crossbows
   198 | D:1      | Reached XP level 2. HP: 10/29 MP: 2/2
   725 | D:2      | Noticed Terence
  1174 | D:2      | Reached XP level 3. HP: 27/36 MP: 3/3
  1481 | D:2      | Reached skill level 4 in Crossbows
  1517 | D:2      | Found a hazy altar of Hepliaklqana.
  1538 | D:2      | Reached XP level 4. HP: 15/44 MP: 4/4
  1539 | D:2      | HP: 2/44 [gnoll/halberd of chopping (14)]
  1539 | D:2      | Slain by a gnoll

Skill      XL: |  1  2  3 |
---------------+----------+-----
Crossbows      | 3 4 |  4.1
Fighting       | |  2.6
Dodging        | |  1.7
Stealth        | |  0.6

Action                   |  1- 3 |  4- 6 || total
-------------------------+-------+-------++-------
Melee: Hand axe          |    93 |     1 ||    94
       Short sword       |    14 |       ||    14
 Fire: Hand crossbow     |    29 |       ||    29
Throw: Stone             |     3 |       ||     3
  Use: Scroll            |     1 |       ||     1
 Stab: Sleeping          |     1 |       ||     1
  Eat: Chunk             |     2 |       ||     2
Armor: Robe              |    48 |       ||    48
Dodge: Dodged            |   108 |       ||   108
